 Dungeon Crawl Stone Soup version 0.24-a0-441-g27f0392e16 (webtiles) character file.

Game seed: 7152111599656255965

444 KristoblXynda the Scratcher (level 6, -3/26 HPs)
             Began as a Felid Transmuter on June 20, 2019.
             Was an Initiate of Fedhas.
             Killed by divine providence
             ... invoked by an orc priest
              (13 damage)
             ... on level 5 of the Dungeon.
             The game lasted 00:11:08 (6883 turns).

KristoblXynda the Scratcher (Felid Transmuter)      Turns: 6883, Time: 00:11:09

Health: -3/26      AC:  2    Str:  8    XL:     6   Next: 72%
Magic:  7/10       EV: 23    Int: 14    God:    Fedhas [......]
Gold:   276        SH:  0    Dex: 22    Spells: 3/9 levels left
                                        Lives:  0   Deaths: 1

rFire    + . .     SeeInvis +     - Unarmed
rCold    . . .     Gourm    .   (shield unavailable)
rNeg     . . .     Faith    .   (armour unavailable)
rPois    x         Spirit   .   (helmet unavailable)
rElec    .         Reflect  .   (cloak unavailable)
rCorr    .         Harm     .   (gloves unavailable)
MR       .....                  (boots unavailable)
Stlth    +++.......             (no amulet)
HPRegen  0.08/turn              e - ring of wizardry
MPRegen  0.12/turn              s - ring of protection from fire

@: spider-form (expiring)
A: tiny, no armour, no weapons or thrown items, stealth, see invisible,
carnivore, slow metabolism 1
a: End Transformation, Fungal Bloom, Renounce Religion


You were on level 5 of the Dungeon.
You worshipped Fedhas.
Fedhas was noncommittal.
You were full.
You were a venomous arachnid creature.
You visited 2 branches of the dungeon, and saw 6 of its levels.

You collected 276 gold pieces.

Inventory:

Missiles
 a - 72 arrows
Jewellery
 e - a ring of wizardry (left front leg)
 s - a ring of protection from fire (right front leg)
Wands
 q - a wand of flame (9)
 r - a wand of digging (7)
Scrolls
 b - 3 scrolls of remove curse
 d - a scroll of fog {unknown}
 f - a scroll of enchant armour {unknown}
 h - 2 scrolls of teleportation
 j - a scroll of blinking {unknown}
 p - 3 scrolls of identify {unknown}
 t - a scroll of amnesia {unknown}
Potions
 g - a potion of haste {unknown}
 i - a potion of agility {unknown}
 k - a potion of berserk rage {unknown}
 l - 2 potions of lignification {unknown}
 m - a potion of magic {unknown}
 n - a potion of flight
 o - 2 potions of ambrosia
Comestibles
 c - 10 rations


   Skills:
 + Level 1.7 Fighting
 - Level 4.0 Dodging
 - Level 5.0 Stealth
 * Level 5.2 Unarmed Combat
 - Level 2.0 Spellcasting
 + Level 4.8 Transmutations


You had 3 spell levels left.
You knew the following spells:

 Your Spells              Type           Power        Failure   Level  Hunger
a - Beastly Appendage     Tmut           ##....       4%          1    ##.....
b - Spider Form           Tmut/Pois      #.........   21%         3    ####...
c - Sticks to Snakes      Tmut           ##......     6%          2    ###....

Your spell library contained the following spells:

 Spells                   Type           Power        Failure   Level  Hunger
 Ice Form                 Ice/Tmut       #.......     50%         4    #####..
 Blade Hands              Tmut           ##........   50%         5    ######.


Dungeon Overview and Level Annotations

Branches:
Dungeon (5/15)             Temple (1/1) D:5

Altars:
Ashenzari
Cheibriados
Dithmenos
Elyvilon
Fedhas
Gozag
Hepliaklqana
Kikubaaqudgha
Makhleb
Nemelex Xobeh
Okawaru
Qazlal
Sif Muna
Trog
Uskayaw
Vehumet
Wu Jian
Xom
Yredelemnul
Zin

Shops:
D:4 }


Innate Abilities, Weirdness & Mutations

You cannot wear armour.
You are incapable of wielding weapons or throwing items.
Your paws allow you to move quietly. (Stealth)
((You have sharp claws.))
((You have razor-sharp teeth.))
You have supernaturally acute eyesight. (SInv)
You are carnivorous and can eat meat at any time.
((You cover ground quickly.))
((You are covered in thick fur. (AC +2)))
You have a slow metabolism.
((Your sharp claws are effective at attacking unaware monsters.))


Message History

You hit the orc priest.
The orc priest is poisoned.
The orc priest is lightly wounded.
The orc priest mumbles some strange prayers to Beogh against you.
Beogh smites you!
Ouch! That really hurt!
You hit the orc priest but do no damage.
The orc priest looks as sick as possible!
Your transformation is almost over.
The orc priest closely misses you.
You hit the orc priest.
The orc priest looks as sick as possible!
The orc priest is moderately wounded.
You hit the orc priest.
The orc priest looks as sick as possible!
The orc priest is heavily wounded.
The orc priest invokes the aid of Beogh against you.
Beogh smites you!
Ouch! That really hurt!
You die...
Fedhas appreciates your contribution to the ecosystem.

#........##.# #.#
#
#.##.############
# #.....#........
#.#...#.≈≈≈≈≈≈≈ #
#...#.≈≈≈≈≈≈≈
#.#...'.≈≈≈≈≈≈≈
#.....#.≈≈≈≈≈h≈
#.###<#........
#.#.s.######### #
#o.....# .
........... .
.......##.#.. .
#........# ## .
.........#
#........# ###
#........# ...
...


You could see an orc priest.

Vanquished Creatures
  A phantom (D:4)
  A bullfrog (D:4)
  A water moccasin skeleton (D:5)
  A hound (D:4)
  A centaur skeleton (D:4)
  An orc wizard (D:4)
  Jessica (D:2)
  An iguana (D:5)
  2 worker ants (D:5)
  4 adders
  A shadow imp (D:5)
  An adder skeleton (D:5)
  5 worms
  3 dart slugs
  5 leopard geckos
  6 orcs
  9 bats
  3 giant cockroaches
  8 goblins
  5 hobgoblins
  6 jackals
  8 kobolds
  2 quokkas (D:5)
  4 frilled lizards
  A leopard gecko skeleton (D:4)
  2 rats (D:3)
83 creatures vanquished.

Vanquished Creatures (collateral kills)
  A worm (D:2)
1 creature vanquished.

Vanquished Creatures (others)
  6 toadstools (D:5)
6 creatures vanquished.

Grand Total: 90 creatures vanquished

Notes
Turn   | Place    | Note
-------+----------+-------------------------------------------
     0 | D:1      | KristoblXynda the Felid Transmuter began the quest for the
                  | Orb.
     0 | D:1      | Reached XP level 1. HP: 9/9 MP: 4/4
   176 | D:1      | Reached skill level 1 in Stealth
   176 | D:1      | Reached XP level 2. HP: 9/12 MP: 6/6
  1116 | D:2      | Reached XP level 3. HP: 8/15 MP: 7/7
  1162 | D:2      | Learned a level 3 spell: Spider Form
  1671 | D:2      | Found an ornate altar of the Wu Jian Council.
  1902 | D:2      | Noticed Jessica
  1913 | D:2      | Killed Jessica
  1913 | D:2      | Reached XP level 4. HP: 12/19 MP: 6/8
  2225 | D:2      | Learned a level 2 spell: Sticks to Snakes
  4091 | D:4      | Found a shimmering altar of Xom.
  4111 | D:4      | Reached XP level 5. HP: 9/22 MP: 6/9
  4686 | D:4      | Noticed a phantom
  4727 | D:4      | Slain by a phantom
  4728 | D:4      | Reached XP level 4. HP: -1/19 MP: 6/8
  4741 | D:4      | Killed a phantom
  4741 | D:4      | Reached XP level 5. HP: 12/22 MP: 9/9
  4899 | D:4      | Found Hinis's Gadget Shoppe.
  5184 | D:4      | Found a deep blue altar of Sif Muna.
  5443 | D:4      | Gained mutation: You are covered in thick fur. (AC +2)
                  | [Felid growth]
  5443 | D:4      | Reached XP level 6. HP: 21/25 MP: 10/10
  5452 | D:4      | Reached skill level 5 in Stealth
  5993 | D:5      | Entered Level 5 of the Dungeon
  5998 | D:5      | Found a staircase to the Ecumenical Temple.
  6009 | Temple   | Entered the Ecumenical Temple
  6167 | Temple   | Became a worshipper of Fedhas Madash
  6298 | D:5      | Reached skill level 5 in Unarmed Combat
  6470 | D:5      | Noticed a +0 hand axe
  6470 | D:5      | Noticed a +0 hand axe
  6471 | D:5      | Found a hide-covered altar of Uskayaw.
  6883 | D:5      | Killed from afar by an orc priest

Levels and vault maps discovered:
D:1:      lemuel_arrival_tunnels, layout_basic, hex_medium
D:2:      layout_basic, lemuel_coloured_pillars_altar, first_ration,
          uniq_jessica
D:3:      layout_basic
D:4:      minmay_razor_zed, layout_basic, xom_teletrap_fun, serial_shops, shop,
          lemuel_blue_sif_altar
D:5:      layout_basic, kennysheep_mini, dancing_weapons_uskayaw,
          minmay_temple_entry_tees, nrook_pool_corridor,
          nemelex_diamond_rough_becter
Temple:   eino_temple_rhombus

Skill      XL: |  1  2  3  4  5  6 |
---------------+-------------------+-----
Dodging        | 3 4 |  4.0
Stealth        | 1 2 4 5 |  5.0
Transmutations | 3 4 |  4.8
Unarmed Combat | 4 5 |  5.2
Fighting       | |  1.7
Spellcasting   | |  2.0

Action                   |  1- 3 |  4- 6 || total
-------------------------+-------+-------++-------
Melee: Unarmed           |    81 |   236 ||   317
       Bite              |     5 |    12 ||    17
       Headbutt          |     2 |     4 ||     6
       Punch             |       |     2 ||     2
 Cast: Beastly Appendage |     3 |     5 ||     8
       Spider Form       |       |    10 ||    10
       Sticks to Snakes  |       |     3 ||     3
Invok: Fungal Bloom      |       |     3 ||     3
Evoke: Wand              |       |     8 ||     8
  Use: Potion            |     3 |       ||     3
       Scroll            |       |     2 ||     2
 Stab: Sleeping          |     6 |    16 ||    22
  Eat: Chunk             |     6 |    15 ||    21
Armor: Skin              |     3 |    13 ||    16
Dodge: Dodged            |    61 |   161 ||   222

Table legend:
 A = Non-vault XP
 B = Vault XP
 C = Vault XP percentage of total XP
 D = Non-vault monster count
 E = Vault monster count
 F = Vault count percentage of total count
                 A         B        C        D         E       F
            +---------+---------+-------+---------+---------+-------
      Total |     614 |     151 |  19.7 |      78 |       6 |   7.1
            +---------+---------+-------+---------+---------+-------
        D:1 |      30 |       0 |   0.0 |      15 |       0 |   0.0
        D:2 |      40 |      37 |  48.1 |      12 |       1 |   7.7
        D:3 |      56 |       0 |   0.0 |      21 |       0 |   0.0
        D:4 |     276 |     114 |  29.2 |      14 |       5 |  26.3
        D:5 |     212 |       0 |   0.0 |      16 |       0 |   0.0
            +---------+---------+-------+---------+---------+-------
